 Dungeon Crawl Stone Soup version 0.21.1-1-g345015fe64 (webtiles) character file.

23573 Lavandula the Severer (level 12, -7/89 HPs)
             Began as a Centaur Berserker on June 3, 2018.
             Was an Elder of Trog.
             Mangled by a two-headed ogre
             ... wielding a +0 giant club
              (20 damage)
             ... on level 2 of the Orcish Mines on June 4, 2018.
             The game lasted 00:50:46 (6833 turns).

Lavandula the Severer (Centaur Berserker)           Turns: 6833, Time: 00:50:47

Health: -7/89      AC: 16    Str: 25    XL:     12   Next: 73%
Magic:  12/12      EV:  8    Int:  3    God:    Trog [****..]
Gold:   1070       SH:  0    Dex: 12    Spells: 11/11 levels left

rFire    + . .     SeeInvis .   a - +0 hand axe
rCold    x . .     Gourm    .   (no shield)
rNeg     + + .     Faith    .   v - +6 scale mail "Woimni" {rN++ MR+ Int-3 Dex+3}
rPois    .         Spirit   .   (no helmet)
rElec    .         Reflect  .   w - +0 cloak
rCorr    .         Harm     .   (no gloves)
MR       +++..                  (no barding)
Stlth    ..........             (no amulet)
HPRegen  1.24/turn              A - +1 ring of protection
MPRegen  0.13/turn              h - ring of fire

@: lethally poisoned (-7 -> -8), regenerating, very quick
A: large, hooves 3, deformed body, speed 2, tough skin 3
a: Berserk, Trog's Hand, Brothers in Arms, Burn Spellbooks, Renounce Religion


You were on level 2 of the Orcish Mines.
You worshipped Trog.
Trog was greatly pleased with you.
You were near starving.

You visited 2 branches of the dungeon, and saw 13 of its levels.
You also visited: Volcano.

You collected 1286 gold pieces.
You spent 216 gold pieces at shops.

Inventory:

Hand Weapons
 a - a +0 hand axe (weapon)
 l - the +10 whip of the Little People {slash, *Corrode MR+ Dex+2}
   (You found it on level 4 of the Dungeon)

   It inflicts extra damage upon your enemies.
   It affects your dexterity (+2).
   It affects your resistance to hostile enchantments.
   It may corrode you when you take damage.
 y - a +2 battleaxe of freezing
 G - a +0 blowgun
 L - a +3 antimagic war axe
Missiles
 k - 5 steel tomahawks
 E - 17 tomahawks (quivered)
Armour
 v - the +6 scale mail "Woimni" (worn) {rN++ MR+ Int-3 Dex+3}
   (You found it on level 6 of the Dungeon)

   It affects your intelligence (-3).
   It affects your dexterity (+3).
   It greatly protects you from negative energy.
   It affects your resistance to hostile enchantments.
 w - a +0 cloak (worn)
 C - a +1 leather armour of magic resistance
 O - a +2 robe of fire resistance
 P - a +0 troll leather armour
 R - +0 fire dragon scales
Jewellery
 h - a ring of fire (right hand)
 A - a +1 ring of protection (left hand)
Wands
 z - a wand of random effects (5)
 F - a wand of flame (20)
 H - a wand of polymorph (9)
Scrolls
 e - a scroll of torment
 i - a scroll of magic mapping
 m - 2 scrolls of remove curse
 u - a scroll of enchant weapon {unknown}
 D - 2 scrolls of fog
 I - 2 scrolls of teleportation {unknown}
 K - a scroll of brand weapon {unknown}
Potions
 d - 3 potions of mutation
 f - a potion of curing
 g - a potion of brilliance
 j - a potion of cancellation
 n - 2 potions of lignification
 o - a potion of ambrosia
 p - 2 potions of flight
 r - a potion of resistance
 x - a potion of might {unknown}
 M - a potion of haste {unknown}
 Q - a potion of agility
 S - a potion of berserk rage {unknown}
Books
 q - a book of Flames

   Spells                             Type                      Level
   a - Flame Tongue                   Conjuration/Fire             1
   b - Throw Flame                    Conjuration/Fire             2
   c - Conjure Flame                  Conjuration/Fire             3
   d - Inner Flame                    Hexes/Fire                   3
   e - Sticky Flame                   Conjuration/Fire             4
   f - Fireball                       Conjuration/Fire             5
   Trog disapproves of the use of such an item.
 N - a book of Power

   Spells                             Type                      Level
   a - Iskenderun's Battlesphere      Conjuration/Charms           5
   b - Venom Bolt                     Conjuration/Poison           5
   c - Bolt of Magma                  Conjuration/Fire/Earth       5
   d - Iron Shot                      Conjuration/Earth            6
   e - Orb of Destruction             Conjuration                  7
   f - Spellforged Servitor           Conjuration/Summoning        7
   Trog disapproves of the use of such an item.
Comestibles
 b - 3 chunks of flesh
 c - 16 rations


   Skills:
 - Level 3.0 Fighting
 + Level 17.1 Axes
 - Level 6.8 Armour
 - Level 1.3 Dodging


You had 11 spell levels left.
You didn't know any spells.

Dungeon Overview and Level Annotations

Branches:
Dungeon (11/15)            Temple (0/1) D:5            Lair (0/6) D:11
    Orc (2/2) D:9             Elf (0/3) Orc:2

Altars:
Ashenzari
Cheibriados
Dithmenos
Fedhas
Hepliaklqana
Nemelex Xobeh
Yredelemnul
The Shining One

Shops:
D:4 [   D:7 (   Orc:2 (((?


Innate Abilities, Weirdness & Mutations

You have hooves in place of feet.
Armour fits poorly on your strangely shaped body.
You cover ground very quickly.
You have extremely tough skin. (AC +3)


Message History

The two-headed ogre is no longer moving quickly.
The two-headed ogre hits your polar bear with a giant club!!
The two-headed ogre hits your polar bear with a dire flail!
Your polar bear bites the two-headed ogre!
Your polar bear claws the two-headed ogre.
Your polar bear barely misses the two-headed ogre.
The two-headed ogre hits your polar bear with a giant club!!
Your polar bear dies!
Your polar bear's corpse disappears in a puff of smoke!
Okay, then.
Okay, then.
You fail to use your ability.
The ogre mage is no longer moving quickly.
Something hits you.
Deactivating autopickup; reactivate with Ctrl-A.
The ogre mage casts a spell at you. The bolt of lightning hits you!
* * * LOW HITPOINT WARNING * * *
The two-headed ogre hits you with a giant club!!
You die...

**********############
.#.....##.#.#....#.#.## #########
......................###..#..#.#
...............................<.
#...............@................
................OO..........####.
................OO.....#.####..##
................O......#####...##
................O#.#...# #.......
..................#...####)......
......................# #........
..[................#..#*##.)...).
)[[................#...# ##......


You could see 3 two-headed ogres, 2 ogre magi and an ogre.

Vanquished Creatures
  3 two-headed ogres
  A dancing weapon (Volcano)
  A death yak (D:9)
  An unseen horror (D:10)
  3 wizards (Volcano)
  An ugly thing (D:9)
  An orc sorcerer (Orc:1)
  4 toenail golems (Volcano)
  A centaur skeleton (D:11)
  A kobold demonologist (D:10)
  3 trolls (Orc:1)
  Prince Ribbit (D:8)
  3 hippogriffs
  Grinder (D:5)
  A wyvern (D:8)
  14 yaks
  3 fire bats (Orc:2)
  3 hungry ghosts
  3 wargs
  14 orc warriors
  A porcupine (D:11)
  A necrophage (D:7)
  An ice beast (D:6)
  2 sky beasts
  A phantom (D:11)
  An eye of draining (D:9)
  9 ogres
  7 centaurs
  A crocodile (D:11)
  5 big kobolds
  Blork the orc (D:4)
  6 bullfrogs
  2 scorpions
  A water moccasin skeleton (D:8)
  10 killer bees
  11 wights
  A howler monkey (D:7)
  A centaur zombie (D:11)
  3 crimson imps
  A quasit (D:10)
  A jelly (D:7)
  7 orc priests
  Crazy Yiuf (D:6)
  15 orc wizards
  3 hounds
  3 gnoll shamans (D:7)
  4 iguanas
  6 worker ants
  A hound zombie (D:7)
  A hound skeleton (D:9)
  9 gnolls (D:7)
  7 adders
  A shadow imp (D:10)
  An ooze (D:6)
  An adder zombie (D:5)
  2 dart slugs (D:3)
  4 leopard geckos
  57 orcs
  5 bats
  A giant cockroach (D:7)
  A goblin (D:1)
  2 hobgoblins (D:3)
  5 quokkas
  3 frilled lizards
  27 kobolds
  A leopard gecko skeleton (D:4)
  7 rats
  2 fungi (D:7)
  A plant (D:7)
308 creatures vanquished.

Vanquished Creatures (collateral kills)
  Donald (Orc:2)
  A stone giant (Orc:1)
  The ghost of Ashiichan the Fighter, a journeyman DsCK of Xom (Orc:1)
  The ghost of tobi4572 the Cleaver, a novice MiBe of Trog (D:9)
  2 wizards (Volcano)
  An orc knight (Orc:1)
  A toenail golem (Volcano)
  A troll (Orc:1)
  A hornet (D:11)
  5 orc warriors
  4 black bears
  A phantom (D:11)
  A crocodile (D:11)
  A gnoll sergeant (Orc:1)
  A scorpion (D:9)
  2 centaur zombies (D:11)
  An orc priest (Orc:1)
  An orc wizard (D:11)
  An iguana (D:11)
  A worker ant (D:11)
  8 orcs
37 creatures vanquished.

Vanquished Creatures (others)
  26 fungi
  7 plants
33 creatures vanquished.

Grand Total: 378 creatures vanquished

Notes
Turn   | Place    | Note
-------+----------+-------------------------------------------
     0 | D:1      | Lavandula the Centaur Berserker began the quest for the Orb.
     0 | D:1      | Reached XP level 1. HP: 19/19 MP: 1/1
    78 | D:1      | Reached skill level 3 in Axes
   246 | D:2      | Found a glowing golden altar of the Shining One.
   297 | D:2      | Reached XP level 2. HP: 26/26 MP: 2/2
   517 | D:5      | Entered Level 5 of the Dungeon
   550 | D:4      | Noticed Blork the orc
   558 | D:4      | Reached XP level 3. HP: 17/31 MP: 3/3
   559 | D:4      | Killed Blork the orc
   559 | D:4      | Reached skill level 4 in Axes
   559 | D:4      | Reached XP level 4. HP: 21/38 MP: 4/4
   571 | D:4      | Found Zipestav's Antique Armour Shoppe.
   612 | D:4      | Got a pitted whip
   613 | D:4      | Identified the +10 whip of the Little People {slash, *Corrode MR+ Dex+2} (You found it on level 4 of the Dungeon)
   681 | D:4      | Found a blossoming altar of Fedhas.
   763 | D:4      | Found a shadowy altar of Dithmenos.
   763 | D:4      | Found a shattered altar of Ashenzari.
   779 | D:4      | Found a sparkling altar of Nemelex Xobeh.
   784 | D:4      | Reached skill level 5 in Axes
   790 | D:4      | Found a hazy altar of Hepliaklqana.
   838 | D:4      | Found a snail-covered altar of Cheibriados.
   844 | D:4      | Reached XP level 5. HP: 45/45 MP: 5/5
   864 | D:3      | Reached ** piety under Trog
   910 | D:5      | Reached skill level 6 in Axes
  1039 | D:5      | Found a staircase to the Ecumenical Temple.
  1063 | D:5      | Reached XP level 6. HP: 49/51 MP: 6/6
  1067 | D:5      | Noticed Grinder
  1072 | D:5      | Found a basalt altar of Yredelemnul.
  1076 | D:5      | Killed Grinder
  1076 | D:5      | Reached skill level 7 in Axes
  1257 | D:6      | Got an ancient scale mail
  1269 | D:6      | Identified the +6 scale mail "Woimni" {rN++ MR+ Int-3 Dex+3} (You found it on level 6 of the Dungeon)
  1362 | D:6      | Noticed an ice beast
  1369 | D:6      | Killed an ice beast
  1369 | D:6      | Reached XP level 7. HP: 44/57 MP: 7/7
  1430 | D:6      | Found a runed door.
  1443 | D:6      | Noticed Crazy Yiuf
  1445 | D:6      | Killed Crazy Yiuf
  1478 | D:6      | Reached skill level 8 in Axes
  1783 | D:7      | Reached skill level 9 in Axes
  1783 | D:7      | Reached XP level 8. HP: 57/63 MP: 8/8
  1806 | D:7      | Reached *** piety under Trog
  1863 | D:7      | Reached skill level 10 in Axes
  2083 | D:7      | Reached skill level 11 in Axes
  2083 | D:7      | Reached XP level 9. HP: 31/69 MP: 9/9
  2183 | D:7      | Found Booruuqi's Antique Weapon Boutique.
  2198 | D:7      | Bought a polished hand axe for 216 gold pieces
  2198 | D:7      | Identified the cursed +1 hand axe of Plague {drain, *Rage Dex+4} (You bought it in a shop on level 7 of the Dungeon)
  2411 | D:8      | Got a fine trident
  2412 | D:8      | Identified the cursed +2 trident "Undertaker" {flame, +Fly rElec rC+ Dex+6 Stlth+} (You found it on level 8 of the Dungeon)
  2448 | D:8      | Reached skill level 12 in Axes
  2540 | D:8      | Reached **** piety under Trog
  2565 | D:8      | Noticed Prince Ribbit
  2570 | D:8      | Killed Prince Ribbit
  2726 | D:8      | Reached skill level 13 in Axes
  2741 | D:8      | Reached XP level 10. HP: 23/77 MP: 10/10
  2786 | D:9      | Noticed a white ugly thing
  3002 | D:10     | Entered Level 10 of the Dungeon
  3021 | D:10     | Noticed a two-headed ogre
  3030 | D:10     | Killed a two-headed ogre
  3071 | D:10     | Noticed a two-headed ogre
  3147 | D:10     | Killed a two-headed ogre
  3147 | D:10     | Reached skill level 14 in Axes
  3177 | D:10     | Killed an unseen horror
  3591 | D:10     | Noticed a sixfirhy
  3779 | D:11     | Reached XP level 11. HP: 33/82 MP: 11/11
  3957 | D:11     | Found a staircase to the Lair.
  3970 | D:11     | Paralysed by a hornet for 1 turns
  3985 | D:11     | Paralysed by a hornet for 3 turns
  4233 | D:9      | Noticed a two-headed ogre
  4248 | D:9      | Killed a two-headed ogre
  4253 | D:9      | Reached ***** piety under Trog
  4329 | D:9      | Noticed tobi4572's ghost (novice MiBe)
  4340 | D:9      | Killed tobi4572's ghost
  4340 | D:9      | Reached skill level 5 in Armour
  4427 | D:9      | Noticed a death yak
  4436 | D:9      | Killed a death yak
  4621 | D:9      | Received a gift from Trog
  4622 | D:9      | Reached skill level 15 in Axes
  4709 | D:9      | Killed a white ugly thing
  4714 | D:9      | Found a staircase to the Orcish Mines.
  4737 | Orc:1    | Entered Level 1 of the Orcish Mines
  4739 | Orc:1    | Noticed a stone giant
  4970 | Orc:1    | Killed a stone giant
  5000 | Orc:1    | Reached XP level 12. HP: 47/89 MP: 12/12
  5145 | Orc:1    | Noticed Ashiichan's ghost (journeyman DsCK)
  5167 | Orc:1    | Killed Ashiichan's ghost
  5704 | Orc:1    | Reached skill level 16 in Axes
  5844 | Orc:2    | Entered Level 2 of the Orcish Mines
  5858 | Orc:2    | Found a staircase to the Elven Halls.
  5862 | Orc:2    | Noticed Donald
  5921 | Orc:2    | Killed Donald
  6013 | Orc:2    | Found a dark tunnel.
  6059 | Volcano  | Entered a volcano
  6478 | Volcano  | Reached skill level 17 in Axes
  6797 | Orc:2    | Noticed a two-headed ogre
  6797 | Orc:2    | Noticed an ogre mage
  6798 | Orc:2    | Noticed an ogre mage
  6798 | Orc:2    | Noticed a two-headed ogre
  6799 | Orc:2    | Noticed an ogre mage
  6801 | Orc:2    | Noticed a two-headed ogre
  6801 | Orc:2    | Found Heotuc's Antique Weapon Shop.
  6801 | Orc:2    | Found Fyoskeek's Antique Weapon Emporium.
  6801 | Orc:2    | Noticed a two-headed ogre
  6802 | Orc:2    | Noticed a two-headed ogre
  6802 | Orc:2    | Found Eblef's Weapon Shop.
  6802 | Orc:2    | Found Quh Jocs's Magic Scroll Shoppe.
  6802 | Orc:2    | Noticed a two-headed ogre
  6802 | Orc:2    | Noticed an ogre mage
  6802 | Orc:2    | Noticed a two-headed ogre
  6805 | Orc:2    | Noticed a two-headed ogre
  6833 | Orc:2    | Mangled by a two-headed ogre

Skill      XL: |  1  2  3  4  5  6  7  8  9 10 11 12 |
---------------+-------------------------------------+-----
Axes           | 3 4 5 6 7 9 11 13 14 15 17 | 17.1
Armour         | 2 6 |  6.8
Fighting       | |  3.0
Dodging        | |  1.3

Action                   |  1- 3 |  4- 6 |  7- 9 | 10-12 || total
-------------------------+-------+-------+-------+-------++-------
Melee: Hand axe          |    48 |       |     6 |   117 ||   171
       Kick              |    11 |     5 |    86 |   137 ||   239
       Whip              |       |    35 |   218 |   273 ||   526
       Trident           |       |       |    14 |       ||    14
       Battleaxe         |       |       |       |   100 ||   100
Invok: Berserk           |     1 |     1 |     8 |    18 ||    28
       Trog's Hand       |       |       |     4 |     7 ||    11
       Brothers in Arms  |       |       |       |     9 ||     9
Evoke: Wand              |       |       |       |     6 ||     6
       Sack of spiders   |       |       |       |     4 ||     4
  Use: Scroll            |       |    11 |     3 |     8 ||    22
       Potion            |       |       |       |     7 ||     7
 Stab: Held in net/web   |       |       |       |     1 ||     1
  Eat: Chunk             |       |     2 |    12 |    35 ||    49
       Ration            |       |       |     1 |       ||     1
Armor: Animal skin       |    15 |     1 |       |       ||    16
       Ring mail         |       |     4 |       |       ||     4
       Scale mail        |       |     1 |    80 |   194 ||   275
       Troll leather arm |       |       |       |    10 ||    10
Dodge: Dodged            |    18 |     9 |    62 |   144 ||   233
